 Dungeon Crawl Stone Soup version 0.30-a0-169-g06f667207d (webtiles) character file.

Game seed: 4494736822204586077

32 qw the Chopper (level 3, -3/23 HPs)
             Began as a Gargoyle Fighter on Sept 30, 2022.
             Killed by an exploding butterfly (26 damage)
             ... ignited by their inner flame
             ... on level 1 of the Dungeon.
             The game lasted 00:00:24 (1224 turns).

qw the Chopper (Gargoyle Fighter)                   Turns: 1224, Time: 00:00:24

Health: -3/23      AC: 16    Str: 21    XL:     3   Next: 27%
Magic:  0/3        EV:  5    Int:  8    God:
Gold:   25         SH:  4    Dex:  9    Spells: 2/2 levels left

rFire   . . .      SeeInvis .    Y - +0 war axe
rCold   . . .      Faith    .    c - +0 buckler
rNeg    + . .      Spirit   +    h - +0 plate armour
rPois   inf        Reflect  .    (no helmet)
rElec   +          Harm     .    (no cloak)
rCorr   .          Rampage  .    (no gloves)
Will    .....                    i - +1 pair of boots
Stlth   ..........               l - amulet of guardian spirit
HPRegen 0.07/turn                (no ring)
MPRegen 0.08/turn                (no ring)

@: no status effects
A: sickness immunity, AC +3, negative energy resistance 1, electricity
resistance, torment resistance 1, petrification resistance
a: no special abilities


You were on level 1 of the Dungeon.
You visited 1 branch of the dungeon, and saw 1 of its levels.

You collected 25 gold pieces.


Innate Abilities, Weirdness & Mutations

You are immune to sickness and miasma.
Your stone body is resilient. (AC +3)
You are immune to poison.
You resist negative energy. (rN+)
You are resistant to electric shocks. (rElec)
You are resistant to unholy torment.
You are immune to petrification.


   Skills:
 - Level 3.2 Fighting
 + Level 3.3 Axes
 - Level 3.2 Armour
 - Level 3.2 Shields


You had 2 spell levels left.
You didn't know any spells.
Your spell library was empty.

Inventory:

Hand Weapons
 b - a +7 war axe of venom
 f - a +0 whip
 Y - a +0 war axe (weapon)
Armour
 c - a +0 buckler (worn)
 h - a +0 plate armour (worn)
 i - a +1 pair of boots (worn)
Jewellery
 l - an amulet of guardian spirit (around neck)
Scrolls
 a - 3 scrolls of identify
Potions
 d - a potion of might
 m - a potion of invisibility {unknown}

Dungeon Overview and Level Annotations

Branches:
Dungeon (1/15)

Altars:


Message History

As you read the scroll labelled VOITAO LUISCHI, it crumbles to dust.
It was a scroll of poison.
Done exploring.
1222 ||| READING scroll labelled NUSMASHROMU.
As you read the scroll labelled NUSMASHROMU, it crumbles to dust.
The creatures around you are filled with an inner flame!
It was a scroll of immolation.
Your butterfly is poisoned.
Your butterfly is engulfed in poison gas.
Your butterfly looks even sicker.
Your butterfly disappears in a burst of colours!
Your butterfly explodes!
The fiery explosion engulfs your butterfly!!!
Your butterfly disappears in a burst of colours!
Your butterfly explodes!
The fiery explosion engulfs your butterfly!!
Your butterfly disappears in a burst of colours!
Your butterfly explodes!
Your butterfly is engulfed in blazing flames.
Your butterfly disappears in a burst of colours!
Your butterfly explodes!
The fiery explosion engulfs your butterfly!
Your butterfly disappears in a burst of colours!
Your butterfly explodes!
Done exploring.
1223 ||| READING scroll labelled WITSOCOPSO.
This is a scroll of acquirement!
1223 ||| ACQUIRING +7 war axe of venom Something appears at your feet!
Your butterfly is engulfed in blazing flames.
Your butterfly disappears in a burst of colours!
Your butterfly explodes!
b - a +7 war axe of venom You see here a +0 scale mail.
Your butterfly is engulfed in blazing flames.
Your butterfly disappears in a burst of colours!
Your butterfly explodes!
The fiery explosion engulfs you!!
Ouch! That really hurt!
You die...

##########
........[#
#.#.####.# #.#.# #.#
..#.# #.#
###.####.##
#.....#.#
######.¤########
#.¤¤¤¤¤¤¤@#
##¤######b#
#####.[.## #.#
#....#.#.# #.#
####....##########
#..##.###[#...#.#
##.#..#...#.#...#
#..#.##.###.########
#.##.#....#....#...#


There were no monsters in sight!

Vanquished Creatures
  A dart slug (D:1)
  5 ball pythons (D:1)
  4 bats (D:1)
  An endoplasm (D:1)
  2 giant cockroaches (D:1)
  2 goblins (D:1)
  2 hobgoblins (D:1)
  6 kobolds (D:1)
  2 quokkas (D:1)
  A frilled lizard (D:1)
  A rat (D:1)
27 creatures vanquished.

Notes
Turn   | Place    | Note
-------+----------+-------------------------------------------
     0 | D:1      | qw the Gargoyle Fighter began the quest for the Orb.
     0 | D:1      | Reached XP level 1. HP: 14/14 MP: 1/1
     0 | D:1      | 0 ||| qw: Version: 0.2-a-12-gaebbb33
     0 | D:1      | 0 ||| qw: Game counter: 1380
     0 | D:1      | 0 ||| qw: Always use a shield: true
     0 | D:1      | 0 ||| qw: God list: Okawaru
     0 | D:1      | 0 ||| qw: Allow faded altars: false
     0 | D:1      | 0 ||| qw: Do Orc after D:15 true
     0 | D:1      | 0 ||| qw: Do second Lair branch before Depths: true
     0 | D:1      | 0 ||| qw: Lair rune preference: random
     0 | D:1      | 0 ||| qw: Plans: Normal, Zot:1-4, God:TSO, Crypt, Tomb,
                  | Pan, Slime:5, Hells, Abyss, Orb
     0 | D:1      | 0 ||| PLANNING D:1-11
   226 | D:1      | 226 ||| Stepping ~*~*~tactically~*~*~ (hiding).
   233 | D:1      | Reached XP level 2. HP: 15/19 MP: 2/2
   311 | D:1      | 311 ||| Stepping ~*~*~tactically~*~*~ (stealth).
   314 | D:1      | 314 ||| Stepping ~*~*~tactically~*~*~ (stealth).
   696 | D:1      | Reached skill level 3 in Axes
   728 | D:1      | 728 ||| Stepping ~*~*~tactically~*~*~ (stealth).
   735 | D:1      | Reached XP level 3. HP: 21/23 MP: 3/3
   797 | D:1      | 797 ||| Stepping ~*~*~tactically~*~*~ (stealth).
  1100 | D:1      | 1100 ||| Stepping ~*~*~tactically~*~*~ (stealth).
  1198 | D:1      | 1198 ||| UPGRADING to +0 plate armour.
  1208 | D:1      | 1208 ||| DROPPING +0 scale mail.
  1209 | D:1      | 1209 ||| UPGRADING to +1 pair of boots.
  1214 | D:1      | 1214 ||| UPGRADING to amulet of guardian spirit.
  1219 | D:1      | 1219 ||| READING 4 scrolls labelled IVUBAGH ENIWE.
  1220 | D:1      | 1220 ||| READING scroll labelled ZICRUJILOF.
  1221 | D:1      | 1221 ||| READING scroll labelled VOITAO LUISCHI.
  1222 | D:1      | 1222 ||| READING scroll labelled NUSMASHROMU.
  1223 | D:1      | 1223 ||| READING scroll labelled WITSOCOPSO.
  1223 | D:1      | Identified a scroll of acquirement
  1223 | D:1      | 1223 ||| ACQUIRING +7 war axe of venom
  1223 | D:1      | Acquired a +7 war axe of venom
  1224 | D:1      | Killed by an exploding butterfly... ignited by their inner
                  | flame

Levels and vault maps discovered:
D:1:      psy_arrival_radial01, layout_loops_ring,
          amcnicky_mini_rare_corridor_liquid

Skill      XL: |  1  2 |
---------------+-------+-----
Axes           | 2 3 |  3.3
Fighting       | |  3.2
Armour         | |  3.2
Shields        | |  3.2

Action                   || total
-------------------------++-------
Melee: War axe           ||    73
  Use: Scroll            ||     5
Armor: Scale mail        ||    34
Dodge: Dodged            ||    30
Block: Buckler           ||    12

Table legend:
 A = Non-vault XP
 B = Vault XP
 C = Vault XP percentage of total XP
 D = Non-vault monster count
 E = Vault monster count
 F = Vault count percentage of total count
                 A         B        C        D         E       F
            +---------+---------+-------+---------+---------+-------
      Total |      47 |       0 |   0.0 |      27 |       0 |   0.0
            +---------+---------+-------+---------+---------+-------
        D:1 |      47 |       0 |   0.0 |      27 |       0 |   0.0
            +---------+---------+-------+---------+---------+-------
